 Dungeon Crawl Stone Soup version 0.26-a0-259-g1effd00 (webtiles) character file.

Game seed: 2055910340723806918

442 Brutalitops the Changer (level 6, -1/25 HPs)
             Began as a Felid Transmuter on July 11, 2020.
             Was a Believer of Uskayaw.
             Slain by an orc wizard
             ... wielding a +2 dagger of venom
              (3 damage)
             ... on level 6 of the Dungeon.
             The game lasted 00:24:49 (8089 turns).

Brutalitops the Changer (Felid Transmuter)          Turns: 8089, Time: 00:24:50

Health: -1/25      AC:  2    Str:  6    XL:     6   Next: 71%
Magic:  7/11       EV: 20    Int: 17    God:    Uskayaw [**....]
Gold:   168        SH:  5    Dex: 21    Spells: 0/11 levels left
                                        Lives:  0   Deaths: 2

rFire    . . .     SeeInvis +     - Unarmed
rCold    . . .     Faith    .   (shield unavailable)
rNeg     . . .     Spirit   .   (armour unavailable)
rPois    .         Reflect  +   (helmet unavailable)
rElec    .         Harm     .   (cloak unavailable)
rCorr    .                      (gloves unavailable)
MR       .....                  (boots unavailable)
Stlth    ++........             r - amulet of reflection
HPRegen  0.08/turn              h - ring of poison resistance
MPRegen  0.12/turn              (no ring)

@: lethally poisoned (-1 -> -23), spider-form (expiring), very slightly
contaminated, lightly drained
A: tiny, no armour, no weapons or thrown items, stealth, see invisible, slow
metabolism 1
a: End Transformation, Stomp, Line Pass, Renounce Religion


You were on level 6 of the Dungeon.
You worshipped Uskayaw.
Uskayaw was noncommittal.
You were not hungry.
You were a venomous arachnid creature.
You visited 1 branch of the dungeon, and saw 6 of its levels.

You collected 168 gold pieces.

Inventory:

Missiles
 a - 39 arrows
Jewellery
 h - a ring of poison resistance (left front leg)
 r - an amulet of reflection (around neck)
Wands
 k - a wand of digging (6)
Scrolls
 e - 6 scrolls of remove curse
 s - a scroll of magic mapping
Potions
 b - 3 potions of curing
 d - a potion of berserk rage
 f - 3 potions of stabbing
 g - a potion of magic
 i - a potion of invisibility {unknown}
 j - a potion of mutation {unknown}
 n - a potion of might {unknown}
 o - a potion of flight {unknown}
Comestibles
 c - 9 rations


   Skills:
 + Level 1.5(1.2) Fighting
 - Level 2.6(2.4) Dodging
 + Level 5.9(5.6) Unarmed Combat
 + Level 3.0(2.8) Spellcasting
 * Level 7.3(7.0) Transmutations


You couldn't memorise any spells.
You knew the following spells:

 Your Spells              Type           Power        Failure   Level
a - Beastly Appendage     Tmut           ####..       5%          1
b - Spider Form           Tmut/Pois      ##........   30%         3
c - Sticks to Snakes      Tmut           ####....     7%          2
d - Blade Hands           Tmut           ####......   50%         5

Your spell library contained the following spells:

 Spells                   Type           Power        Failure   Level
 Ice Form                 Ice/Tmut       ##......     61%         4


Dungeon Overview and Level Annotations

Branches:
Dungeon (6/15)
 Temple: D:4-7

Altars:
Ashenzari
Cheibriados
Uskayaw
Xom
The Shining One

Shops:
D:5 }


Innate Abilities, Weirdness & Mutations

You cannot wear armour.
You are incapable of wielding weapons or throwing items.
Your paws allow you to move quietly. (Stealth)
((You have sharp claws.))
((You have razor-sharp teeth.))
You have supernaturally acute eyesight. (SInv)
((You cover ground quickly.))
((You are covered in thick fur. (AC +2)))
You have a slow metabolism.
((Your sharp claws are effective at attacking unaware monsters.))


Message History

The orc wizard is moderately wounded.
You feel sick. The orc wizard misses you. The orc hits you.
The orc wizard completely misses you.
The orc hits you with a +2 flail of draining.
* * * LOW HITPOINT WARNING * * *
You feel drained.
You barely miss the orc wizard.
The orc wizard is moderately wounded.
* * * LOW HITPOINT WARNING * * *
You feel sick.
The orc wizard hits you with a +2 dagger of venom.
* * * LOW HITPOINT WARNING * * *
You are more poisoned.
The orc closely misses you.
You hit the orc wizard.
The orc wizard is heavily wounded.
* * * LOW HITPOINT WARNING * * *
You feel sick.
The orc wizard hits you with a +2 dagger of venom.
You die...

#........
#.....<.# .
#.......# ..
+.......#
...###.......#
...........#
#.o)o....#
#..so....#
#.<.†....#
#.####..... #.
###. ##


You could see an orc wizard (fast, poisoned) and 2 orcs.

Vanquished Creatures
  An ogre (D:5)
  2 scorpions (D:5)
  A howler monkey (D:5)
  A hound (D:5)
  5 orc wizards
  A bullfrog skeleton (D:5)
  An iguana (D:5)
  A hound skeleton (D:4)
  13 gnolls
  10 adders
  2 shadow imps (D:5)
  2 white imps (D:5)
  2 oozes
  An adder skeleton (D:4)
  2 worms
  A dart slug (D:1)
  3 leopard geckos
  5 orcs
  4 bats
  9 giant cockroaches
  4 goblins
  7 hobgoblins
  15 jackals
  A quokka (D:4)
  A ball python (D:1)
  5 frilled lizards
  8 kobolds
  7 rats
115 creatures vanquished.

Vanquished Creatures (collateral kills)
  2 adders
  2 gnolls (D:3)
  2 orcs (D:5)
  A goblin (D:3)
7 creatures vanquished.

Grand Total: 122 creatures vanquished

Notes
Turn   | Place    | Note
-------+----------+-------------------------------------------
     0 | D:1      | Brutalitops the Felid Transmuter began the quest for the
                  | Orb.
     0 | D:1      | Reached XP level 1. HP: 9/9 MP: 4/4
   158 | D:1      | Reached skill level 3 in Transmutations
   172 | D:1      | Reached XP level 2. HP: 12/12 MP: 6/6
  1211 | D:2      | Reached XP level 3. HP: 15/15 MP: 7/7
  1213 | D:2      | Reached skill level 4 in Transmutations
  1218 | D:2      | Learned a level 3 spell: Spider Form
  1226 | D:2      | Learned a level 2 spell: Sticks to Snakes
  1639 | D:2      | Found a shimmering altar of Xom.
  1639 | D:2      | Found a glowing golden altar of the Shining One.
  1654 | D:2      | Found a shattered altar of Ashenzari.
  1656 | D:2      | Found a faded altar of an unknown god.
  1658 | D:2      | Found a faded altar of an unknown god.
  1665 | D:2      | Reached XP level 4. HP: 16/19 MP: 8/8
  1667 | D:2      | Became a worshipper of Uskayaw the Reveler
  1667 | D:2      | Reached * piety under Uskayaw
  2702 | D:2      | Reached skill level 5 in Transmutations
  2873 | D:2      | Slain by a gnoll
  2874 | D:2      | Reached XP level 3. HP: -5/15 MP: 4/7
  2898 | D:2      | Reached XP level 4. HP: 6/19 MP: 1/8
  3366 | D:3      | Reached ** piety under Uskayaw
  3975 | D:3      | Reached XP level 5. HP: 22/22 MP: 7/9
  4335 | D:3      | HP: 1/22 [gnoll/+0 halberd (13)]
  5215 | D:4      | Reached skill level 6 in Transmutations
  5313 | D:4      | Found a snail-covered altar of Cheibriados.
  6214 | D:5      | Entered Level 5 of the Dungeon
  6219 | D:5      | Found Nahofes's Gadget Shoppe.
  6229 | D:5      | Gained mutation: You are covered in thick fur. (AC +2)
                  | [Felid growth]
  6229 | D:5      | Reached XP level 6. HP: 19/25 MP: 8/10
  6778 | D:5      | Reached skill level 5 in Unarmed Combat
  6876 | D:5      | Reached XP level 7. HP: 11/28 MP: 10/12
  7420 | D:5      | Learned a level 5 spell: Blade Hands
  7710 | D:5      | Reached skill level 7 in Transmutations
  7711 | D:5      | HP: 1/28 [orc wizard/magic dart (8)]
  7717 | D:5      | Killed from afar by an orc wizard
  7718 | D:5      | Reached XP level 6. HP: -1/25 MP: 11/11
  8089 | D:6      | Slain by an orc wizard

Illustrated notes

Levels and vault maps discovered:
D:1:      dpeg_arrival_oval, layout_basic
D:2:      layout_loops_ring, chequers_temple_overflow_minitemple, serial_forest,
          infiniplex_forest_lined_room_2, infiniplex_forest_clump_tiny,
          infiniplex_forest_lined_2, infiniplex_forest_end_3,
          infiniplex_forest_lined_2, infiniplex_forest_straight_4,
          infiniplex_forest_end_2, infiniplex_forest_end_2
D:3:      layout_basic
D:4:      layout_loops_ring, nicolae_overflow_crystal_walls
D:5:      layout_basic, serial_shops, shop, first_ration
D:6:      kennysheep_housing_project, layout_basic, old_standard_altar,
          minmay_temple_entry_waves

Skill      XL: |  1  2  3  4  5  6  7 |
---------------+----------------------+-----
Transmutations | 3 4 5 6 7 |  7.3
Unarmed Combat | 4 5 |  5.9
Spellcasting   | 3 |  3.0
Fighting       | |  1.5
Dodging        | |  2.6

Action                   |  1- 3 |  4- 6 |  7- 9 || total
-------------------------+-------+-------+-------++-------
Melee: Unarmed           |   105 |   278 |    39 ||   422
       Bite              |     8 |    11 |     2 ||    21
       Headbutt          |    12 |    23 |     1 ||    36
       Punch             |       |     3 |       ||     3
 Cast: Beastly Appendage |    20 |    30 |     3 ||    53
       Spider Form       |     1 |    13 |     4 ||    18
       Sticks to Snakes  |       |     8 |     2 ||    10
  Use: Scroll            |     2 |     9 |       ||    11
       Potion            |     1 |     1 |       ||     2
 Stab: Sleeping          |     5 |     6 |       ||    11
       Distracted        |       |     2 |       ||     2
  Eat: Ration            |       |     3 |       ||     3
Armor: Skin              |     6 |     8 |     1 ||    15
Dodge: Dodged            |    72 |   231 |    22 ||   325
Block: Other             |       |    16 |     8 ||    24
       Reflection        |       |     1 |       ||     1

Table legend:
 A = Non-vault XP
 B = Vault XP
 C = Vault XP percentage of total XP
 D = Non-vault monster count
 E = Vault monster count
 F = Vault count percentage of total count
                 A         B        C        D         E       F
            +---------+---------+-------+---------+---------+-------
      Total |    1194 |       0 |   0.0 |     122 |       0 |   0.0
            +---------+---------+-------+---------+---------+-------
        D:1 |      47 |       0 |   0.0 |      17 |       0 |   0.0
        D:2 |     145 |       0 |   0.0 |      34 |       0 |   0.0
        D:3 |     181 |       0 |   0.0 |      32 |       0 |   0.0
        D:4 |      85 |       0 |   0.0 |       8 |       0 |   0.0
        D:5 |     686 |       0 |   0.0 |      26 |       0 |   0.0
        D:6 |      50 |       0 |   0.0 |       5 |       0 |   0.0
            +---------+---------+-------+---------+---------+-------
